 Dungeon Crawl Stone Soup version 0.31.0-1-g2c135a0 (webtiles) character file.

Game seed: 16523242161066526054

94 brinewave the Trooper (level 4, 0/41 HPs)
             Began as a Minotaur Fighter on Jan 26, 2024.
             Incinerated by a bombardier beetle (3 damage)
             ... with a burning spray
             ... on level 3 of the Dungeon.
             The game lasted 00:04:53 (1234 turns).

brinewave the Trooper (Minotaur Fighter)            Turns: 1234, Time: 00:04:53

Health: 0/41       AC:  7    Str: 23    XL:     4   Next: 38%
Magic:  3/3        EV: 24    Int:  5    God:
Gold:   199        SH:  4    Dex:  9    Spells: 3/3 levels left

rFire   . . .        a - +0 war axe (flame)
rCold   . . .        c - +0 buckler
rNeg    . . .        b - +0 scale mail
rPois   .            (helmet restricted)
rElec   .            (no cloak)
rCorr   .            (no gloves)
SInv    +            (no boots)
Will    .....        l - amulet of the acrobat Stlth
                     h - ring of see invisible
HPRegen 0.26/turn    m - ring of flight
MPRegen 0.08/turn

%: acrobat
@: on fire, acrobatic, flying, glowing
A: horns 2, retaliatory headbutt
a: no special abilities


You were on level 3 of the Dungeon.
You visited 1 branch of the dungeon, and saw 3 of its levels.

You collected 199 gold pieces.

Inventory:

Hand Weapons
 a - a +0 war axe of flaming (weapon)
Missiles
 i - 9 stones (quivered)
 n - 10 boomerangs
 o - 3 curare-tipped darts
Armour
 b - a +0 scale mail (worn)
 c - a +0 buckler (worn)
Jewellery
 h - a ring of see invisible (left hand)
 l - an amulet of the acrobat (around neck)
 m - a ring of flight (right hand)
 q - a ring of fire
Scrolls
 e - a scroll of revelation {unknown}
 f - a scroll of teleportation {unknown}
 k - a scroll of brand weapon
 p - a scroll of enchant armour
Potions
 d - 2 potions of might
 j - a potion of magic


   Skills:
 + Level 4.5 Fighting
 + Level 3.4 Axes
 + Level 4.4 Armour
 + Level 4.4 Shields


You had 3 spell levels left.
You didn't know any spells.
Your spell library contained the following spells:

 Spells                   Type           Power      Damage    Failure   Level
 Magic Dart               Conj           0%         1d3       83%         1
 Searing Ray              Conj           0%         2d4       93%         2
 Fulminant Prism          Conj/Alch      0%         3d5       100%        4


Dungeon Overview and Level Annotations

Branches:
Dungeon (3/15)

Altars:


Innate Abilities, Weirdness & Mutations

You have a pair of horns on your head.
You reflexively headbutt those who attack you in melee.


Message History

You hit the bombardier beetle but do no damage.
The bombardier beetle is almost dead.
The bombardier beetle sprays incendiary fluid at you.
The burning spray hits you.
You are covered in liquid fire!
You hit the bombardier beetle. You burn the bombardier beetle.
You headbutt the bombardier beetle.
You kill the bombardier beetle!
The liquid fire burns you!
You have reached level 4!
You feel stronger. The liquid fire burns you! The liquid fire burns you!
The liquid fire burns you! The liquid fire burns you!
The liquid fire burns you!
* * * LOW HITPOINT WARNING * * *
The liquid fire burns you!
* * * LOW HITPOINT WARNING * * *
The liquid fire burns you!
* * * LOW HITPOINT WARNING * * *
You feel better. The liquid fire burns you!
* * * LOW HITPOINT WARNING * * *
The liquid fire burns you!
* * * LOW HITPOINT WARNING * * *
You feel better. The liquid fire burns you!
* * * LOW HITPOINT WARNING * * *
The liquid fire burns you!
* * * LOW HITPOINT WARNING * * *
You feel better. The liquid fire burns you!
* * * LOW HITPOINT WARNING * * *
Okay, then.
Okay, then.
The liquid fire burns you!
* * * LOW HITPOINT WARNING * * *
The liquid fire burns you!
You die...

.########
........#
........##
.........#
.........#
.........#
.........#
.......@.#####
.............#
.............##.
................
.............##
...........###
#..........#
...........+
#..........#


There were no monsters in sight!

Vanquished Creatures
  A bombardier beetle (D:3)
  A gnoll (D:1)
  6 endoplasms
  4 giant cockroaches
  4 goblins
  6 hobgoblins
  3 jackals (D:1)
  4 kobolds
  2 quokkas (D:2)
  5 ball pythons
  5 bats
  7 frilled lizards
  4 rats
52 creatures vanquished.

Notes
Turn   | Place    | Note
-------+----------+-------------------------------------------
     0 | D:1      | brinewave the Minotaur Fighter began the quest for the Orb.
     0 | D:1      | Reached XP level 1. HP: 19/19 MP: 0/0
    43 | D:1      | Found a faded altar of an unknown god.
    61 | D:1      | Reached XP level 2. HP: 27/27 MP: 1/1
   406 | D:1      | Reached XP level 3. HP: 33/33 MP: 2/2
  1221 | D:3      | Reached XP level 4. HP: 32/41 MP: 3/3
  1234 | D:3      | Incinerated by a bombardier beetle

Illustrated notes

Levels and vault maps discovered:
D:1:      amcnicky_arrival_gap_in_the_tavern_cellar, layout_basic,
          hellmonk_ecumenical_altar_pennies_from_heaven,
          minmay_gold_behind_fungi
D:2:      layout_rooms, guppyfry_early_lair_pool
D:3:      layout_basic, hellmonk_overflow_destroyed_library, corexii_shack

Skill      XL: |  1  2  3 |
---------------+----------+-----
Shields        | 4 |  4.4
Fighting       | 4 |  4.5
Armour         | 4 |  4.4
Axes           | 3 |  3.4

Action                     |  1- 3 |  4- 6 || total
---------------------------+-------+-------++-------
  Melee: War axe           |    93 |       ||    93
         Headbutt          |    16 |       ||    16
  Throw: Stone             |     2 |       ||     2
    Use: Scroll            |     5 |       ||     5
         Potion            |       |     3 ||     3
 Armour: Scale mail        |    53 |       ||    53
  Dodge: Dodged            |    45 |       ||    45
  Block: Buckler           |     9 |       ||     9
